 Dungeon Crawl Stone Soup version 0.19-a0-1051-gdb7e7f8 (webtiles) character file.

166 mistymad the Ruffian (level 5, 0/54 HPs)
             Began as a Troll Monk on Aug 1, 2016.
             Slain by Eustachio
             ... wielding a cursed -1 rapier
              (3 damage)
             ... on level 4 of the Dungeon.
             The game lasted 00:03:51 (2676 turns).

mistymad the Ruffian (Troll Monk)                   Turns: 2676, Time: 00:03:53

Health: 0/54       AC:  5    Str: 19    XL:     5   Next: 22%
Magic:  4/4        EV: 11    Int:  7    God:
Gold:   150        SH:  0    Dex: 12    Spells: 0 memorised, 4 levels left

rFire  . . .     SeeInvis .       - Unarmed
rCold  . . .     Gourm    +     a - +0 robe
rNeg   . . .     Faith    .     (no shield)
rPois  .         Spirit   .     (helmet restricted)
rElec  +         Dismiss  .     (no cloak)
rCorr  .         Reflect  .     (gloves unavailable)
SustAt .         Harm     .     (boots unavailable)
MR     +....                    (no amulet)
Stlth  +.........               (no ring)
                                e - ring of protection from magic

@: flying, somewhat resistant to hostile enchantments, very unstealthy
A: unfitting armour, claws 3, fast metabolism 3, gourmand, sense surroundings 1,
regeneration 2, shaggy fur 1, electricity resistance, tough skin 2, no device
heal 1
a: no special abilities


You were on level 4 of the Dungeon.
You were very full.

You visited 1 branch of the dungeon, and saw 4 of its levels.

You collected 150 gold pieces.

Inventory:

Missiles
 o - a throwing net (quivered)
Armour
 a - a +0 robe (worn)
Jewellery
 e - a ring of protection from magic (left claw)
 i - an uncursed ring of flight {unknown}
 j - an uncursed amulet of harm {unknown}
Wands
 l - a wand of teleportation (2/9)
Scrolls
 d - a scroll of enchant weapon {unknown}
 g - 3 scrolls of identify {unknown}
 k - 2 scrolls of remove curse {unknown}
 n - a scroll of magic mapping {unknown}
 p - a scroll of noise {unknown}
 q - a scroll of blinking {unknown}
 u - a scroll of recharging {unknown}
Potions
 c - 3 potions of magic
 f - 2 potions of flight
 m - a potion of mutation
 r - a potion of cure mutation {unknown}
 s - a potion of lignification {unknown}
 t - a potion of berserk rage {unknown}
 v - a potion of degeneration {unknown}
Comestibles
 b - 4 bread rations
 h - 4 fruits
 w - a meat ration


   Skills:
 + Level 3.7 Fighting
 + Level 3.1 Dodging
 - Level 1.1 Stealth
 + Level 4.2 Unarmed Combat


You had 4 spell levels left.
You didn't know any spells.

Dungeon Overview and Level Annotations

Branches:
Dungeon (4/15)
 Temple: D:4-7

Altars:
Elyvilon

Annotations:
D:4 Eustachio


Innate Abilities, Weirdness & Mutations

You are too large for most types of armour.
You have claws for hands.
Your metabolism is lightning-fast.
You like to eat raw meat.
You heal very quickly.
You are covered in fur. (AC +1)
You have very tough skin. (AC +2)
You passively map a small area around you.
You are resistant to electric shocks. (rElec)
Potions and wands are less effective at restoring your health.


Message History

Unknown command.
It was a potion of flight.
You feel very buoyant.
You fly up into the air.
The river rat bites you.
* * * LOW HITPOINT WARNING * * *
The rat bites you.
* * * LOW HITPOINT WARNING * * *
Something hits you but does no damage. The crimson imp closely misses you.
You take 2 damage, and have 3/54 hp.
It was a potion of magic.
Magic courses through your body. The river rat closely misses you.
The rat barely misses you. Something hits you but does no damage.
The crimson imp closely misses you.
It was a potion of mutation.
You feel extremely strange.
Your system partially rejects artificial healing.
You feel a strange attunement to the structure of the dungeons.
You feel insulated. The river rat bites you.
* * * LOW HITPOINT WARNING * * *
The rat bites you but does no damage. Something hits you.
You die...

#.# #.# ####.#
#########.##.#
.......#.#.#.#
*#####..###..# ,
#....b...##.# #
#.###rr#.#>..# *
#.##.###@#........ ,
#.....b5{##......##*
* #.#.#.#####
###...# #....# #.###
#...### .# *##.#* *+
#. * * # , *


You could see a crimson imp, a river rat, 2 bats and a rat.

Vanquished Creatures
  A hound (D:4)
  Terence (D:2)
  An orc wizard (D:3)
  An adder (D:2)
  2 worms
  2 dart slugs
  2 giant geckos
  2 orcs (D:3)
  8 bats
  4 giant cockroaches
  11 goblins
  8 hobgoblins
  A jackal (D:2)
  3 kobolds
  A quokka (D:3)
  A ball python (D:1)
  4 giant newts
  8 rats
61 creatures vanquished.

Notes
Turn   | Place    | Note
-------+----------+-------------------------------------------
     0 | D:1      | mistymad the Troll Monk began the quest for the Orb.
     0 | D:1      | Reached XP level 1. HP: 22/22 MP: 0/0
   204 | D:1      | Reached XP level 2. HP: 29/29 MP: 1/1
   710 | D:1      | Reached XP level 3. HP: 34/36 MP: 2/2
  1193 | D:2      | Noticed Terence
  1208 | D:2      | Killed Terence
  1208 | D:2      | Reached XP level 4. HP: 42/45 MP: 3/3
  1707 | D:3      | Found a white marble altar of Elyvilon.
  2106 | D:3      | Reached skill level 4 in Unarmed Combat
  2638 | D:4      | Reached XP level 5. HP: 37/54 MP: 4/4
  2645 | D:4      | Noticed Eustachio
  2676 | D:4      | Gained mutation: Potions and wands are less effective at restoring your health. [potion of mutation]
  2676 | D:4      | Gained mutation: You passively map a small area around you. [potion of mutation]
  2676 | D:4      | Gained mutation: You are resistant to electric shocks. (rElec) [potion of mutation]
  2676 | D:4      | Slain by Eustachio

Vault maps used:
D:1:      dpeg_arrival_solitude, minivault_11
D:2:      minmay_bisected, uniq_terence
D:3:      lemuel_coloured_pillars_altar
D:4:      minmay_overflow_temple_star_hex, first_bread, uniq_eustachio

Skill      XL: |  1  2  3  4 |
---------------+-------------+-----
Fighting       | 3 |  3.7
Dodging        | 3 |  3.1
Unarmed Combat | 4 |  4.2
Stealth        | |  1.1

Action                   |  1- 3 |  4- 6 || total
-------------------------+-------+-------++-------
Melee: Unarmed           |    98 |    99 ||   197
       Punch             |     1 |     1 ||     2
  Use: Potion            |       |     3 ||     3
 Stab: Sleeping          |       |     2 ||     2
  Eat: Chunk             |     6 |    22 ||    28
Armor: Robe              |    43 |    35 ||    78
Dodge: Dodged            |    50 |    63 ||   113
